AoeStats
← TheVoice

Arabia

509707701Analyzed
2v2 RM · 5d ago on Sep 27, 2026· 32m 18s· 4 players
Game mode
Random Map
Map size
Medium (4 player)
Population
200
Speed
Normal
Resources
Standard
Victory
Conquest
Starting age
Dark Age
Ending age
Imperial Age
RankedLock teamsTeams togetherTeam positionsShared explorationLock speedFull tech treeHidden civsTurbo modeCheats
Victory
Defeat
🇩🇪 Magyars · Germany
1190
+15
🇩🇪 Saracens · Germany
1190
+15
1179
-15
🇩🇪 Saxons · Germany
1178
-15
SlightlySaltedCamelCrisps
6:51 Loom
9:18 Feudal Age
10:28 Double-Bit Axe
12:49 Horse Collar
15:00 Bloodlines
16:47 Scale Barding Armor
17:41 Forging
21:54 Wheelbarrow
25:20 Castle Age
24:27 Gold Mining
25:25 Light Cavalry
28:10 Chain Barding Armor
31:45 Fletching
32:01 Husbandry
jimima
7:35 Loom
10:02 Feudal Age
12:58 Fletching
14:30 Horse Collar
14:38 Double-Bit Axe
23:51 Castle Age
21:59 Padded Archer Armor
22:29 Gold Mining
22:50 Scale Barding Armor
23:00 Forging
24:02 Crossbowman
25:48 Gold Shaft Mining
25:45 Thumb Ring
25:39 Bodkin Arrow
26:20 Heavy Plow
27:01 Ballistics
TheVoice
6:49 Loom
9:24 Feudal Age
14:38 Double-Bit Axe
16:46 Wheelbarrow
22:33 Castle Age
21:40 Bloodlines
21:36 Scale Barding Armor
21:25 Gold Mining
21:41 Horse Collar
24:11 Husbandry
26:02 Bow Saw
32:37 Chain Barding Armor
Glutaeus Maximus
6:03 Loom
9:26 Feudal Age
16:22 Fletching
22:34 Castle Age
21:10 Double-Bit Axe
21:42 Gold Mining
22:01 Padded Archer Armor
22:28 Horse Collar
22:49 Crossbowman
23:58 Leather Archer Armor
23:46 Bodkin Arrow
26:08 Ballistics
Connection lost

Rejoining the realm…

Still unreachable

The connection could not be restored.

Session expired

The server has moved on; the page needs a fresh start.